 Dungeon Crawl Stone Soup version 0.19.5 (webtiles) character file.

190 Santreim the Charlatan (level 6, -5/49 HPs)
             Began as a Human Artificer on Mar 7, 2017.
             Was an Initiate of Makhleb.
             Killed from afar by an orc wizard (10 damage)
             ... with a puff of flame
             ... on level 3 of the Dungeon.
             The game lasted 00:14:18 (2151 turns).

Santreim the Charlatan (Human Artificer)            Turns: 2151, Time: 00:14:20

Health: -5/49      AC:  4    Str: 13    XL:     6   Next: 1%
Magic:  0/9        EV: 13    Int: 12    God:    Makhleb [......]
Gold:   110        SH:  0    Dex: 14    Spells: 0 memorised, 10 levels left

rFire  . . .     SeeInvis .     u - +1 short sword (drain)
rCold  . . .     Gourm    .     t - +0 leather armour
rNeg   . . .     Faith    .     (no shield)
rPois  .         Spirit   +     (no helmet)
rElec  .         Reflect  .     j - +0 cloak
rCorr  .         Harm     .     (no gloves)
MR     .....                    (no boots)
Stlth  ++........               p - amulet of guardian spirit
                                (no ring)
                                (no ring)

@: lethally poisoned (-5 -> -9)
A: no striking features
a: Renounce Religion


You were on level 3 of the Dungeon.
You worshipped Makhleb.
Makhleb was noncommittal.
You were not hungry.

You visited 1 branch of the dungeon, and saw 3 of its levels.

You collected 110 gold pieces.

Inventory:

Hand Weapons
 a - a +0 short sword
 g - a +0 spear
 i - a +2 short sword of speed
 r - a +0 whip
 u - a +1 short sword of draining (weapon)
 y - a +0 club
 z - a +0 hunting sling (quivered)
Missiles
 A - 27 stones
Armour
 b - a +0 leather armour
 j - a +0 cloak (worn)
 s - a +0 robe
 t - a +0 leather armour (worn)
 B - a +0 naga barding
Jewellery
 p - an amulet of guardian spirit (around neck)
Wands
 c - a wand of flame (10/48)
 d - a wand of enslavement (13/24)
 e - a wand of random effects (13/48)
Scrolls
 h - a scroll of enchant armour {unknown}
 l - 3 scrolls of remove curse {unknown}
 m - a scroll of magic mapping {unknown}
 v - 3 scrolls of teleportation {unknown}
 w - a scroll of enchant weapon {unknown}
Potions
 n - a potion of magic {unknown}
 o - 2 potions of degeneration {unknown}
 q - a potion of lignification {unknown}
 x - a potion of curing {unknown}
Comestibles
 f - a bread ration


   Skills:
 + Level 4.7 Fighting
 + Level 3.8 Short Blades
 + Level 3.0 Maces & Flails
 + Level 3.1 Polearms
 + Level 2.9(3.5) Slings
 + Level 2.8(3.4) Throwing
 + Level 3.5 Armour
 + Level 4.0 Dodging
 + Level 3.4 Stealth
 + Level 2.9 Unarmed Combat
 + Level 2.5 Spellcasting
 + Level 3.2 Invocations
 + Level 5.1 Evocations


You had 10 spell levels left.
You didn't know any spells.

Dungeon Overview and Level Annotations

Branches:
Dungeon (3/15)

Altars:
Makhleb


Message History

Your Maces & Flails skill gained 3 levels and is now at level 3!
Your Polearms skill gained 3 levels and is now at level 3!
Your base Slings skill gained 2 levels and is now at level 2!
Your base Throwing skill gained 2 levels and is now at level 2!
Your Armour skill gained 2 levels and is now at level 3!
Your Dodging skill gained 2 levels and is now at level 4!
Your Stealth skill gained 2 levels and is now at level 3!
Your Unarmed Combat skill gained 2 levels and is now at level 2!
Your Spellcasting skill gained 2 levels and is now at level 2!
Your Invocations skill gained 3 levels and is now at level 3!
Your Evocations skill gained 2 levels and is now at level 5!
You have reached level 6!
Your experience leads to an increase in your attributes!
Increase (S)trength, (I)ntelligence, or (D)exterity?
You feel stronger.
* * * LOW HITPOINT WARNING * * *
You feel sick. The orc wizard casts a spell at you. The puff of flame hits you!
You die...

.........##.......
.........#........#
..................#
........##........#
..................###
....................#
....................#
........(...........#
......o@(........#######
......oSo...............
.....)..............†...
...................)....
........................
..#####.................
. ###.................
...................
##..........†......


You could see an orc wizard, an adder and 2 orcs.

Vanquished Creatures
  3 gnolls (D:2)
  2 adders (D:2)
  A dart slug (D:1)
  3 leopard geckos
  An orc (D:3)
  2 ball pythons
  A giant cockroach (D:1)
  8 goblins
  3 hobgoblins
  3 jackals
  5 bats
  5 frilled lizards
  4 kobolds
  6 rats
47 creatures vanquished.

Notes
Turn   | Place    | Note
-------+----------+-------------------------------------------
     0 | D:1      | Santreim the Human Artificer began the quest for the Orb.
     0 | D:1      | Reached XP level 1. HP: 15/15 MP: 3/3
   352 | D:1      | Reached XP level 2. HP: 21/21 MP: 4/4
   632 | D:1      | Reached XP level 3. HP: 25/26 MP: 5/5
  1037 | D:2      | Reached XP level 4. HP: 16/32 MP: 1/6
  1038 | D:2      | Reached skill level 1 in Armour
  1199 | D:2      | Found a burning altar of Makhleb.
  1233 | D:2      | Became a worshipper of Makhleb the Destroyer
  1788 | D:2      | Found a faded altar of an unknown god.
  2137 | D:3      | Reached XP level 5. HP: 29/37 MP: 7/7
  2151 | D:3      | Reached skill level 5 in Evocations
  2151 | D:3      | Reached XP level 6. HP: 5/49 MP: 2/9
  2151 | D:3      | Killed from afar by an orc wizard

Skill      XL: |  1  2  3  4  5 |
---------------+----------------+-----
Armour         | 1 3 |  3.5
Short Blades   | 2 3 |  3.8
Fighting       | 4 |  4.7
Maces & Flails | 3 |  3.0
Polearms       | 3 |  3.1
Slings         | 2 |  2.9
Throwing       | 2 |  2.8
Dodging        | 4 |  4.0
Stealth        | 3 |  3.4
Unarmed Combat | 2 |  2.9
Spellcasting   | 2 |  2.5
Invocations    | 3 |  3.2
Evocations     | 5 |  5.1

Action                   |  1- 3 |  4- 6 || total
-------------------------+-------+-------++-------
Melee: Spear             |    24 |       ||    24
       Short sword       |    77 |    63 ||   140
Evoke: Wand              |     7 |     2 ||     9
  Use: Potion            |       |     1 ||     1
  Eat: Bread ration      |       |     1 ||     1
       Beef jerky        |       |     1 ||     1
Armor: Leather armour    |    32 |     7 ||    39
Dodge: Dodged            |    59 |    34 ||    93
